 Dungeon Crawl Stone Soup version 0.29.1-15-g9cfb28693d (webtiles) character file.

Game seed: 1630388366456383196

308 Anriel the Trooper (level 6, -9/51 HPs)
             Began as a Human Fighter on Feb 22, 2023.
             Killed by divine providence
             ... invoked by an orc priest
              (10 damage)
             ... on level 4 of the Dungeon.
             The game lasted 00:17:16 (3717 turns).

Anriel the Trooper (Human Fighter)                  Turns: 3717, Time: 00:17:16

Health: -9/51      AC: 14    Str: 19    XL:     6   Next: 68%
Magic:  6/6        EV:  7    Int:  9    God:
Gold:   80         SH:  5    Dex: 14    Spells: 5/5 levels left

rFire   . . .      SeeInvis .   a - +0 long sword
rCold   + . .      Faith    .   c - +0 buckler
rNeg    . . .      Spirit   .   i - +0 chain mail
rPois   .          Reflect  .   h - +1 helmet
rElec   .          Harm     .   (no cloak)
rCorr   .          Rampage  .   k - +1 pair of gloves of Igroyjyr {rC+ Str+3}
Will    .....                   f - +0 pair of boots
Stlth   ..........              (no amulet)
HPRegen 0.17/turn               (no ring)
MPRegen 0.10/turn               (no ring)

@: no status effects
A: no striking features
a: no special abilities


You were on level 4 of the Dungeon.
You visited 1 branch of the dungeon, and saw 4 of its levels.

You collected 152 gold pieces.
You spent 72 gold pieces at shops.

Inventory:

Hand Weapons
 a - a +0 long sword (weapon)
Missiles
 o - a throwing net (quivered)
Armour
 c - a +0 buckler (worn)
 f - a +0 pair of boots (worn)
 h - a +1 helmet (worn)
 i - a +0 chain mail (worn)
 k - the +1 pair of gloves of Igroyjyr (worn) {rC+ Str+3}
   (You acquired it on level 3 of the Dungeon)

   Str:       It affects your strength (+3).
   rC:        It protects you from cold.
Scrolls
 d - a scroll of magic mapping
 g - a scroll of immolation
Potions
 b - a potion of attraction
 e - a potion of berserk rage {unknown}
 j - a potion of brilliance {unknown}
 m - 2 potions of magic


   Skills:
 - Level 5.0 Fighting
 + Level 4.8 Long Blades
 + Level 3.5 Armour
 - Level 3.0 Shields


You had 5 spell levels left.
You didn't know any spells.
Your spell library contained the following spells:

 Spells                   Type           Power      Damage    Failure   Level
 Apportation              Tloc           0%         N/A       99%         1
 Magic Dart               Conj           0%         1d3       99%         1
 Summon Small Mammal      Summ           0%         N/A       99%         1
 Call Imp                 Summ           0%         N/A       100%        2
 Call Canine Familiar     Summ           0%         N/A       100%        3
 Lesser Beckoning         Tloc           0%         N/A       100%        3
 Mephitic Cloud           Conj/Pois/Air  0%         N/A       100%        3
 Summon Guardian Golem    Hex/Summ       0%         N/A       100%        3
 Petrify                  Tmut/Erth      0%         N/A       100%        4
 Metabolic Englaciation   Hex/Ice        0%         N/A       100%        5
 Statue Form              Tmut/Erth      0%         N/A       100%        6
 Malign Gateway           Summ/Tloc      0%         N/A       100%        7
 Disjunction              Tloc           0%         N/A       100%        8
 Necromutation            Tmut/Necr      0%         N/A       100%        8
 Summon Horrible Things   Summ           0%         N/A       100%        8


Dungeon Overview and Level Annotations

Branches:
Dungeon (4/15)
 Temple: D:4-7

Altars:
Qazlal

Shops:
D:1 !


Message History

The orc priest hits you but does no damage.
The orc hits you but does no damage.
The endoplasm hits you but does no damage.
You slash the orc priest!
The orc priest is heavily wounded.
You block the orc's attack.
The orc priest hits you but does no damage.
The endoplasm freezes you.
You are frozen.
You resist.
* * * LOW HITPOINT WARNING * * *
Okay, then.
You closely miss the orc priest.
The orc priest is heavily wounded.
The orc hits you but does no damage.
The endoplasm hits you but does no damage.
The orc priest miscasts a cantrip.
You hit the orc priest.
The orc priest is almost dead.
The orc hits you with a +0 short sword.
* * * LOW HITPOINT WARNING * * *
The orc priest hits you but does no damage.
The endoplasm freezes you.
You are frozen.
You resist.
* * * LOW HITPOINT WARNING * * *
You closely miss the orc priest.
The orc priest is almost dead.
The orc priest closely misses you. The orc hits you but does no damage.
The endoplasm freezes you.
You are frozen.
You resist.
* * * LOW HITPOINT WARNING * * *
You hit the orc priest but do no damage.
The orc priest is almost dead.
You block the orc's attack. The endoplasm freezes you.
You are frozen.
You resist.
* * * LOW HITPOINT WARNING * * *
The orc priest barely misses you.
The orc priest calls down the wrath of Beogh upon you.
Beogh smites you!
You die...

#. #####. #.....
##+####### #.####
#........# #.#.###<
#..!.....# #.....#.
######........# ###.#.#.
......oo......# #.#...
......)@......### #.####
......J####.[...###.####
....... #####'##..#...
#...... #.....#..#.##
'...... #.....).##...
#...... #..........##
#...... #........#.#
#...... #........#.#
#........#..


You could see an orc priest, an orc and an endoplasm.

Vanquished Creatures
  3 orc priests
  An iguana (D:4)
  2 orc wizards
  Terence (D:2)
  3 gnolls (D:4)
  A worm (D:3)
  2 dart slugs
  7 orcs
  6 bats
  9 endoplasms
  4 giant cockroaches
  5 goblins
  7 hobgoblins
  6 jackals
  10 kobolds
  3 quokkas
  4 ball pythons
  4 frilled lizards
  3 rats
81 creatures vanquished.

Notes
Turn   | Place    | Note
-------+----------+-------------------------------------------
     0 | D:1      | Anriel the Human Fighter began the quest for the Orb.
     0 | D:1      | Reached XP level 1. HP: 18/18 MP: 1/1
   252 | D:1      | Reached XP level 2. HP: 24/24 MP: 2/2
   733 | D:1      | Reached XP level 3. HP: 29/29 MP: 3/3
   837 | D:1      | Found Qestik's Distillery.
   869 | D:1      | Bought a potion of heal wounds for 60 gold pieces
  1202 | D:2      | Reached skill level 4 in Fighting
  1202 | D:2      | Reached XP level 4. HP: 6/37 MP: 4/4
  1534 | D:2      | Reached XP level 5. HP: 29/42 MP: 5/5
  1558 | D:2      | Found a stormy altar of Qazlal.
  1910 | D:2      | Got the Exposition on Transposition and Exhumation
  1990 | D:2      | Noticed Terence
  2003 | D:2      | Killed Terence
  2200 | D:1      | Bought a potion of degeneration for 12 gold pieces
  2531 | D:3      | Reached XP level 6. HP: 29/50 MP: 6/6
  2872 | D:3      | Reached skill level 5 in Fighting
  2924 | D:3      | Found a faded altar of an unknown god.
  3356 | D:3      | Identified a scroll of acquirement
  3356 | D:3      | Acquired the +1 pair of gloves of Igroyjyr {rC+ Str+3}
  3716 | D:4      | HP: 2/51 [frozen (2)]
  3717 | D:4      | Killed from afar by an orc priest

Illustrated notes

Levels and vault maps discovered:
D:1:      eino_arrival_water_cross, layout_loops_corners, serial_shops,
          nicolae_shop_advertising_works [nicolae_subvault_shop_adworks]
D:2:      layout_basic, basic_altar, nrook_loot_triangle, uniq_terence
D:3:      layout_loops_corners, shapermc_ecumenical_altar_mp_vishouse
D:4:      layout_basic, serial_shops, nicolae_shop_window_shopping

Skill      XL: |  1  2  3  4  5  6 |
---------------+-------------------+-----
Long Blades    | 3 4 |  4.8
Fighting       | 4 5 |  5.0
Armour         | |  3.5
Shields        | |  3.0

Action                   |  1- 3 |  4- 6 || total
-------------------------+-------+-------++-------
Melee: Long sword        |    97 |   168 ||   265
  Use: Scroll            |     7 |     5 ||    12
       Potion            |     2 |     1 ||     3
Armor: Scale mail        |    37 |    20 ||    57
       Chain mail        |       |    74 ||    74
Dodge: Dodged            |    36 |    53 ||    89
Block: Buckler           |    23 |    39 ||    62
